 Dungeon Crawl Stone Soup version 0.30-a0-748-ge6a52f7cba (webtiles) character file.

Game seed: 10307399877391276872

1624 oldmanjim the Shooter (level 8, -2/73 HPs)
             Began as a Minotaur Hunter on Feb 9, 2023.
             Was a Priest of Nemelex Xobeh.
             Slain by a yak (5 damage)
             ... on level 6 of the Dungeon.
             The game lasted 00:17:04 (4727 turns).

oldmanjim the Shooter (Minotaur Hunter)             Turns: 4727, Time: 00:17:05

Health: -2/73      AC: 11    Str: 15    XL:     8   Next: 65%
Magic:  9/9        EV: 13    Int:  6    God:    Nemelex Xobeh [***...]
Gold:   333        SH:  0    Dex: 17    Spells: 7/7 levels left

rFire   . . .      SeeInvis .    b - +0 shortbow
rCold   . . .      Faith    .    (shield currently unavailable)
rNeg    + . .      Spirit   .    D - +2 ring mail {rN+}
rPois   .          Reflect  .    (helmet restricted)
rElec   .          Harm     .    (no cloak)
rCorr   .          Rampage  .    (no gloves)
Will    .....                    A - +2 pair of boots
Stlth   +                        (no amulet)
HPRegen 0.32/turn                (no ring)
MPRegen 0.11/turn                (no ring)

@: no status effects
A: horns 2, retaliatory headbutt
a: Renounce Religion, Draw Escape, Draw Destruction, Draw Summoning, Triple Draw


You were on level 6 of the Dungeon.
You worshipped Nemelex Xobeh.
Nemelex Xobeh was most pleased with you.
You visited 2 branches of the dungeon, and saw 7 of its levels.

You collected 333 gold pieces.

Inventory:

Hand Weapons
 a - a +2 short sword of electrocution
 b - a +0 shortbow (weapon)
Missiles
 g - 47 stones
 n - 5 datura-tipped darts
 u - 21 poisoned darts
 z - 2 curare-tipped darts
 G - a throwing net
Armour
 c - a +0 leather armour
 o - a +0 leather armour of fire resistance
 v - an orb of mayhem
 A - a +2 pair of boots (worn)
 D - a +2 ring mail of positive energy (worn)
Magical Staves
 B - a staff of death
Jewellery
 x - a +6 ring of intelligence
 y - a ring of protection from fire
Wands
 s - a wand of flame (43)
 C - a wand of polymorph (7)
 E - a wand of mindburst (5)
 H - a wand of digging (4)
Scrolls
 d - 2 scrolls of amnesia {unknown}
 e - a scroll of noise {unknown}
 f - 3 scrolls of magic mapping {unknown}
 j - 3 scrolls of identify {unknown}
 k - a scroll of blinking {unknown}
 l - a scroll of immolation
 p - 2 scrolls of vulnerability {unknown}
 q - 6 scrolls of teleportation {unknown}
 r - a scroll of brand weapon {unknown}
 w - a scroll of silence {unknown}
Potions
 h - 3 potions of mutation {unknown}
 i - 5 potions of curing {unknown}
 m - 2 potions of attraction {unknown}
 t - a potion of might {unknown}
 I - a potion of magic {unknown}
Miscellaneous
 F - a piece from Xom's chessboard (15/15)


   Skills:
 + Level 7.4 Fighting
 + Level 7.8 Ranged Weapons
 + Level 4.6 Armour
 - Level 5.0 Dodging
 - Level 0.7 Stealth
 + Level 3.9 Invocations


You had 7 spell levels left.
You didn't know any spells.
Your spell library contained the following spells:

 Spells                   Type           Power      Damage    Failure   Level
 Beastly Appendage        Tmut           0%         N/A       67%         1
 Kiss of Death            Conj/Necr      0%         2d5       67%         1
 Sandblast                Erth           0%         2d4       67%         1
 Sting                    Tmut/Pois      0%         1d3       67%         1
 Blink                    Tloc           0%         N/A       80%         2
 Cigotuvi's Dreadful Rot  Necr/Pois/Air  0%         N/A       80%         2
 Lesser Beckoning         Tloc           0%         N/A       80%         2
 Momentum Strike          Conj/Tloc      0%         3d8       80%         2
 Passwall                 Tmut/Erth      0%         N/A       80%         2
 Poisonous Vapours        Pois/Air       0%         N/A       80%         2
 Sublimation of Blood     Necr           0%         N/A       80%         2
 Wereblood                Tmut           0%         N/A       80%         2
 Call Canine Familiar     Summ           0%         N/A       95%         3
 Confusing Touch          Hex            0%         N/A       95%         3
 Portal Projectile        Hex/Tloc       0%         N/A       95%         3
 Spider Form              Tmut/Pois      0%         N/A       95%         3
 Stone Arrow              Conj/Erth      0%         3d7       95%         3
 Dispel Undead            Necr           0%         3d6       100%        4
 Leda's Liquefaction      Hex/Erth       0%         N/A       100%        4
 Olgreb's Toxic Radiance  Pois           0%         N/A       100%        4
 Death Channel            Necr           0%         N/A       100%        6
 Summon Hydra             Summ           0%         N/A       100%        7


Dungeon Overview and Level Annotations

Branches:
Dungeon (6/15)             Temple (1/1) D:5

Altars:
Ashenzari
Cheibriados
Dithmenos
Elyvilon
Fedhas
Hepliaklqana
Kikubaaqudgha
Makhleb
Nemelex Xobeh
Qazlal
Ru
Sif Muna
Vehumet
Wu Jian
Yredelemnul
Zin
The Shining One

Shops:
D:3 :

Annotations:
D:3 Sigmund
D:4 2 transporters, hikkokomori's ghost, amateur DEFE


Innate Abilities, Weirdness & Mutations

You have a pair of horns on your head.
You reflexively headbutt those who attack you in melee.


Message History

Aim: a yak (lightly wounded, 76% to hit)
You shoot an arrow. The arrow barely misses the yak. x2
The yak barely misses you.
Fire: b) +0 shortbow
Press: ? - help, Q - select action, (/) - cycle Shift-Dir - straight line, f/p - yak
Aim: a yak (lightly wounded, 76% to hit)
You shoot an arrow. The arrow hits the yak.
The yak is lightly wounded.
The yak misses you.
Fire: b) +0 shortbow
Press: ? - help, Q - select action, (/) - cycle Shift-Dir - straight line, f/p - yak
Aim: a yak (lightly wounded, 76% to hit)
You shoot an arrow. The arrow hits the yak.
The yak is lightly wounded.
The yak gores you.
* * * LOW HITPOINT WARNING * * *
Fire: b) +0 shortbow
Press: ? - help, Q - select action, (/) - cycle Shift-Dir - straight line, f/p - yak
Aim: a yak (lightly wounded, 76% to hit)
You shoot an arrow. The arrow closely misses the yak.
The arrow hits the yak.
The yak is severely wounded.
The yak gores you!
* * * LOW HITPOINT WARNING * * *
The yak gores you.
* * * LOW HITPOINT WARNING * * *
Fire: b) +0 shortbow
Press: ? - help, Q - select action, (/) - cycle Shift-Dir - straight line, f/p - yak
Aim: a yak (lightly wounded, 76% to hit)
You shoot an arrow.
The arrow hits the yak but does no damage.
The yak is lightly wounded.
The yak completely misses you. You furiously retaliate!
You headbutt the yak.
Fire: b) +0 shortbow
Press: ? - help, Q - select action, (/) - cycle Shift-Dir - straight line, f/p - yak
Aim: a yak (moderately wounded, 76% to hit)
You shoot an arrow. The arrow hits the yak!
The yak is heavily wounded.
The yak gores you.
You die...
Your body glows slightly and disappears.

..........###.........###
...........##...<....>#
.....................##
...........†#........#
............#........#
............#........#
#######.....##..##.###
#.....#....###.###.#..
#.###.#...#YY@.# ..#.# +
#...#....Y#####....#.
#._.#................
#.[.#....Y.........<.
###.#.####..##.......
..:.#......#)........
#####.#............#
.......#..............
.................#..#.


You could see 3 yaks.

Vanquished Creatures
  Grinder (D:3)
  2 yaks (D:6)
  A water moccasin (D:5)
  2 ogres
  2 phantoms
  A necrophage (D:5)
  A gnoll sergeant (D:5)
  A gnoll bouda (D:4)
  4 hounds
  3 iguanas
  4 orc wizards
  Robin (D:2)
  8 gnolls
  11 adders
  A white imp (D:5)
  A worm (D:4)
  2 dart slugs (D:1)
  9 orcs
  7 ball pythons
  A bat (D:1)
  6 endoplasms
  3 giant cockroaches
  8 goblins
  13 hobgoblins
  3 jackals (D:5)
  6 kobolds
  3 quokkas
  5 frilled lizards
  A rat (D:3)
111 creatures vanquished.

Notes
Turn   | Place    | Note
-------+----------+-------------------------------------------
     0 | D:1      | oldmanjim the Minotaur Hunter began the quest for the Orb.
     0 | D:1      | Reached XP level 1. HP: 18/18 MP: 0/0
   219 | D:1      | Reached XP level 2. HP: 25/25 MP: 1/1
   320 | D:1      | Found a faded altar of an unknown god.
   419 | D:1      | Prayed at the altar of an unknown god.
   419 | D:1      | Became a worshipper of Nemelex Xobeh the Trickster
   419 | D:1      | Reached * piety under Nemelex Xobeh
   469 | D:2      | You fall into a shaft and drop 1 floor!
   472 | D:3      | Received a gift from Nemelex Xobeh
   513 | D:3      | Noticed Grinder
   519 | D:3      | Paralysed by Grinder for 4 turns
   531 | D:3      | Killed Grinder
   532 | D:3      | Reached skill level 5 in Ranged Weapons
   532 | D:3      | Reached XP level 3. HP: 9/34 MP: 2/2
   532 | D:3      | Reached XP level 4. HP: 11/41 MP: 3/3
   532 | D:3      | Reached XP level 5. HP: 13/47 MP: 4/4
  1154 | D:2      | Noticed Robin
  1186 | D:2      | Killed Robin
  1187 | D:2      | Reached XP level 6. HP: 39/53 MP: 5/5
  1652 | D:3      | Noticed Sigmund
  1937 | D:3      | Found Widyazom's Book Shop.
  2000 | D:3      | Reached ** piety under Nemelex Xobeh
  2537 | D:4      | Received a gift from Nemelex Xobeh
  2581 | D:4      | Reached skill level 5 in Fighting
  2600 | D:4      | Found a transporter.
  2602 | D:4      | Found a transporter.
  2603 | D:4      | Noticed hikkokomori's ghost (amateur DEFE)
  2753 | D:4      | Noticed Ijyb
  2756 | D:4      | Ijyb changed into Ijyb the iguana
  2756 | D:4      | Noticed Ijyb
  2756 | D:4      | Killed Ijyb the iguana
  2803 | D:4      | Reached skill level 5 in Dodging
  3068 | D:4      | Reached XP level 7. HP: 39/61 MP: 6/6
  3272 | D:4      | Reached skill level 1 in Armour
  3275 | D:4      | Reached skill level 1 in Invocations
  3642 | D:5      | Entered Level 5 of the Dungeon
  3710 | D:5      | Received a gift from Nemelex Xobeh
  3963 | D:5      | Found a staircase to the Ecumenical Temple.
  3974 | Temple   | Entered the Ecumenical Temple
  4233 | D:5      | Reached XP level 8. HP: 71/71 MP: 7/9
  4416 | D:5      | Reached *** piety under Nemelex Xobeh
  4670 | D:6      | Found a burning altar of Makhleb.
  4725 | D:6      | HP: 3/73 [yak (1)]
  4727 | D:6      | Slain by a yak

Illustrated notes

Levels and vault maps discovered:
D:1:      erik_arrival_blinker_ship, layout_rooms,
          hellmonk_ecumenical_altar_run_dry
D:2:      layout_basic, uniq_robin
D:3:      layout_loops_ring, serial_shops, shop_statue, grunt_decor_fettered,
          uniq_sigmund, uniq_grinder
D:4:      minmay_diamond_boxcup, layout_basic, gammafunk_ghost_smash, uniq_ijyb
D:5:      layout_loops_cross, minmay_temple_entry_steel_oval,
          hellmonk_bongcloud_opening, chequers_serial_rivers_small_3
D:6:      layout_rooms, mainiacjoe_overflow_alcove_4, lightli_sewer_entry_pipes,
          dilly_guarded_unrand_morg
Temple:   nicolae_temple_superstar

Skill      XL: |  1  2  3  4  5  6  7  8 |
---------------+-------------------------+-----
Fighting       | 4 5 6 7 |  7.4
Ranged Weapons | 5 6 7 |  7.8
Dodging        | 4 5 |  5.0
Armour         | 3 4 |  4.6
Invocations    | 2 3 |  3.9
Stealth        | |  0.7

Action                     |  1- 3 |  4- 6 |  7- 9 || total
---------------------------+-------+-------+-------++-------
  Melee: Short sword       |       |     3 |       ||     3
         Headbutt          |       |     1 |       ||     1
   Fire: Shortbow          |    67 |   176 |   167 ||   410
 Invoke: Draw Destruction  |     3 |     3 |       ||     6
 Armour: Leather armour    |     7 |    14 |       ||    21
         Ring mail         |       |     9 |    48 ||    57
  Dodge: Dodged            |    28 |    60 |    93 ||   181

Table legend: (Time is in decaauts)
 A = Elapsed time spent in this place.
 B = Non-inter-level travel time spent in this place.
 C = Inter-level travel time spent in this place.
 D = Time resting spent in this place.
 E = Time spent auto-exploring this place.
 F = Levels seen in this place.
 G = Mean time per level.
                   A        B        C        D        E       F      G
               +--------+--------+--------+--------+--------+-----+--------+
         Total |   4834 |   4647 |    187 |    438 |   3163 |   7 |  690.6 |
       Dungeon |   4729 |   4557 |    172 |    438 |   3090 |   6 |  788.2 |
        Temple |    104 |     89 |     15 |      0 |     73 |   1 |  104.0 |
               +--------+--------+--------+--------+--------+-----+--------+

Top non-repeatable levels by time:
     D:2: 1133 daAuts
     D:4: 1064 daAuts
     D:3: 1040 daAuts
     D:5: 896 daAuts
     D:1: 472 daAuts
     D:6: 122 daAuts
  Temple: 104 daAuts
